 Dungeon Crawl Stone Soup version 0.31-a0-963-ga325b2283a (webtiles) character file.

Game seed: 17856087569007547122

6201 senseless the Blocker (level 10, 0/82 HPs)
             Began as a Gnoll Fighter on Oct 24, 2023.
             Was a High Priest of Okawaru.
             Slain by a killer bee (5 damage)
             ... on level 9 of the Dungeon.
             The game lasted 00:28:33 (8554 turns).

senseless the Blocker (Gnoll Fighter)               Turns: 8554, Time: 00:28:34

Health: 0/82       AC: 17    Str: 19    XL:     10   Next: 91%
Magic:  18/18      EV: 10    Int:  8    God:    Okawaru [*****.]
Gold:   29         SH:  6    Dex: 12    Spells: 20/20 levels left

rFire   + . .        E - +4 broad axe (freeze)
rCold   + + .        c - +0 buckler
rNeg    . . .        a - +3 chain mail {rC+}
rPois   .            t - +0 helmet
rElec   .            o - scarf {rC+ rF+}
rCorr   .            l - +0 pair of gloves
SInv    +            (no boots)
Will    .....        (no amulet) Stlth
                     f - ring of see invisible
HPRegen 0.33/turn    p - ring of wizardry
MPRegen 0.16/turn

%: wizardry (x1)
@: lethally poisoned (0 -> -2), hasted, very quick
A: fangs 1, strong nose, distributed training
a: Renounce Religion, Heroism, Finesse, Duel


You were on level 9 of the Dungeon.
You worshipped Okawaru.
Okawaru was extremely pleased with you.
You visited 2 branches of the dungeon, and saw 10 of its levels.

You collected 478 gold pieces.
You spent 449 gold pieces at shops.

Inventory:

Hand Weapons
 E - a +4 broad axe of freezing (weapon)
 H - the +7 whip of Benevolence {elec, +Blink rPois rC- Int+2}
   (You found it on level 6 of the Dungeon)

   Int+2:     It affects your intelligence (+2).
   rC-:       It makes you vulnerable to cold.
   rPois:     It protects you from poison +Blink: It lets you blink.
 L - a +1 great mace of protection
Missiles
 u - a throwing net
 I - 3 datura-tipped darts (quivered)
Armour
 a - a +3 chain mail of cold resistance (worn)
 c - a +0 buckler (worn)
 l - a +0 pair of gloves (worn)
 o - a scarf of resistance (worn)
 t - a +0 helmet (worn)
 B - a +1 leather armour of fire resistance
Jewellery
 f - a ring of see invisible (left hand)
 h - a ring of willpower
 p - a ring of wizardry (right hand)
Talismans
 n - a beast talisman
 F - a maw talisman
Wands
 g - a wand of roots (8)
 s - a wand of polymorph (10)
 K - a wand of digging (2)
Scrolls
 b - 4 scrolls of fear {unknown}
 i - 2 scrolls of blinking {unknown}
 j - 3 scrolls of summoning {unknown}
 m - 7 scrolls of teleportation
 q - a scroll of brand weapon {unknown}
 v - a scroll of torment {unknown}
 x - 3 scrolls of immolation
 y - a scroll of fog {unknown}
 z - 5 scrolls of amnesia
 C - 2 scrolls of revelation {unknown}
 G - a scroll of noise {unknown}
 J - a scroll of poison
 N - 2 scrolls of vulnerability
Potions
 d - 2 potions of might
 e - a potion of mutation
 r - a potion of invisibility {unknown}
 w - 3 potions of magic
 A - 4 potions of enlightenment
 M - a potion of brilliance {unknown}


   Skills:
 + Level 8.9 Fighting
 + Level 5.8 Short Blades
 + Level 5.8 Long Blades
 + Level 7.5 Axes
 + Level 5.8 Maces & Flails
 + Level 5.8 Polearms
 + Level 5.8 Staves
 + Level 5.8 Ranged Weapons
 + Level 5.8 Throwing
 + Level 8.9 Armour
 + Level 5.8 Dodging
 + Level 5.8 Stealth
 + Level 8.9 Shields
 + Level 5.8 Unarmed Combat
 + Level 5.8 Spellcasting
 + Level 4.8 Conjurations
 + Level 4.8 Hexes
 + Level 4.8 Summonings
 + Level 4.8 Necromancy
 + Level 4.8 Translocations
 + Level 4.8 Transmutations
 + Level 4.8 Fire Magic
 + Level 4.8 Ice Magic
 + Level 4.8 Air Magic
 + Level 4.8 Earth Magic
 + Level 4.8 Poison Magic
 + Level 6.4 Invocations
 + Level 5.8 Evocations
 + Level 5.3 Shapeshifting


You had 20 spell levels left.
You didn't know any spells.
Your spell library was empty.

Dungeon Overview and Level Annotations

Branches:
Dungeon (9/15)             Temple (1/1) D:4
   Lair: D:8-11         Orc: D:9-12

Altars:
Ashenzari
Cheibriados
Dithmenos
Elyvilon
Fedhas
Gozag
Hepliaklqana
Kikubaaqudgha
Makhleb
Nemelex Xobeh
Okawaru
Qazlal
Ru
Sif Muna
Trog
Uskayaw
Vehumet
Wu Jian
Xom
Yredelemnul
Zin
The Shining One

Shops:
D:1 *   D:2 *   D:6 ?:(:   D:8 *!


Innate Abilities, Weirdness & Mutations

You have very sharp teeth.
Your uncanny sense of smell can sniff out nearby items.
Your experience applies equally to all skills.


Message History

The killer bee poisons you!
You closely miss the killer bee.
You bite the killer bee, but do no damage.
The killer bee is almost dead.
You hit the killer bee. You freeze the killer bee.
You kill the killer bee!
Okawaru accepts your kill.
You feel sick. The killer bee stings you.
* * * LOW HITPOINT WARNING * * *
You block the killer bee's attack.
You feel better.
The killer bee stings you but does no damage. x2
You slash the killer bee! You freeze the killer bee.
You kill the killer bee!
Okawaru accepts your kill. The killer bee closely misses you.
You miss the killer bee. The killer bee closely misses you.
You closely miss the killer bee.
The killer bee stings you but does no damage.
The killer bee stings you.
* * * LOW HITPOINT WARNING * * *
You are poisoned.
The killer bee poisons you!
You hit the killer bee. You freeze the killer bee.
You bite the killer bee, but do no damage.
The killer bee is moderately wounded.
You feel sick.
The killer bee stings you but does no damage. x2
You closely miss the killer bee.
The killer bee is moderately wounded.
You feel sick.
The killer bee stings you but does no damage.
You hit the killer bee. You freeze the killer bee.
The killer bee is moderately wounded.
You feel sick. You block the killer bee's attack.
The killer bee barely misses you.
You barely miss the killer bee.
The killer bee is moderately wounded.
You feel sick. The killer bee stings you.
You die...

..###
#...##........####..#####..
....# #...###......##
#.........# ##........#
#....## ##.######..# #
##......# #...# #..# #
#..##.. #.. ##.## ..# ##
#..# ##..# .# #..#...##..##
# #.y##.#..# # #@†....# #
######.....# ........y
.###...... #. ###.## # #
### ..# ###


You could see a killer bee.

Vanquished Creatures
  Pikel (D:5)
  Joseph (D:8)
  Jeremiah (D:7)
  Grinder (D:3)
  Prince Ribbit (D:6)
  Sigmund (D:4)
  3 vampires (D:6)
  4 yaks (D:8)
  Eustachio (D:5)
  A steam dragon (D:8)
  Menkaure (D:6)
  An acid dragon (D:8)
  2 water moccasins
  A black bear (D:6)
  An orc warrior (D:9)
  2 sky beasts (D:8)
  4 ice beasts
  2 centaurs
  2 phantoms
  2 bullfrogs
  2 scorpions
  A necrophage (D:6)
  5 killer bees (D:9)
  6 howler monkeys
  5 hounds
  3 jellies
  Crazy Yiuf (D:2)
  2 gnoll boudas
  4 orc priests
  A bullfrog skeleton (D:6)
  2 sleepcaps
  Ijyb (D:5)
  5 iguanas
  2 orc wizards
  10 gnolls
  9 adders
  2 white imps
  2 ufetubi (D:5)
  2 worms
  2 dart slugs
  19 orcs
  7 ball pythons
  6 bats
  12 endoplasms
  6 giant cockroaches
  7 goblins
  8 hobgoblins
  8 jackals
  7 kobolds
  7 quokkas
  3 frilled lizards
  11 rats
201 creatures vanquished.

Notes
Turn   | Place    | Note
-------+----------+-------------------------------------------
     0 | D:1      | senseless the Gnoll Fighter began the quest for the Orb.
     0 | D:1      | Reached XP level 1. HP: 23/23 MP: 1/1
    52 | D:1      | Reached XP level 2. HP: 24/29 MP: 2/2
   154 | D:1      | Found Otreypn's General Store.
   291 | D:1      | Reached XP level 3. HP: 33/35 MP: 3/3
   866 | D:2      | Reached skill level 1 in Invocations
   890 | D:2      | Found a blossoming altar of Fedhas.
   924 | D:2      | Found Eqasoih's General Store.
   932 | D:2      | Reached skill level 1 in Short Blades
   932 | D:2      | Reached skill level 1 in Long Blades
   932 | D:2      | Reached skill level 1 in Maces & Flails
   932 | D:2      | Reached skill level 1 in Polearms
   932 | D:2      | Reached skill level 1 in Staves
   932 | D:2      | Reached skill level 1 in Ranged Weapons
   932 | D:2      | Reached skill level 1 in Throwing
   932 | D:2      | Reached skill level 1 in Dodging
   932 | D:2      | Reached skill level 1 in Stealth
   932 | D:2      | Reached skill level 1 in Unarmed Combat
   932 | D:2      | Reached skill level 1 in Spellcasting
   932 | D:2      | Reached skill level 1 in Evocations
  1052 | D:2      | Reached skill level 1 in Shapeshifting
  1052 | D:2      | Reached XP level 4. HP: 41/41 MP: 5/5
  1087 | D:2      | Reached skill level 1 in Conjurations
  1087 | D:2      | Reached skill level 1 in Hexes
  1087 | D:2      | Reached skill level 1 in Summonings
  1087 | D:2      | Reached skill level 1 in Necromancy
  1087 | D:2      | Reached skill level 1 in Translocations
  1087 | D:2      | Reached skill level 1 in Transmutations
  1087 | D:2      | Reached skill level 1 in Fire Magic
  1087 | D:2      | Reached skill level 1 in Ice Magic
  1087 | D:2      | Reached skill level 1 in Air Magic
  1087 | D:2      | Reached skill level 1 in Earth Magic
  1087 | D:2      | Reached skill level 1 in Poison Magic
  1179 | D:2      | Bought a scroll of identify for 22 gold pieces
  1352 | D:2      | Found a runed translucent door.
  1353 | D:2      | Noticed Crazy Yiuf
  1360 | D:2      | Killed Crazy Yiuf
  1361 | D:2      | Reached XP level 5. HP: 29/47 MP: 5/7
  1717 | D:1      | Bought a potion of curing for 42 gold pieces
  1736 | D:3      | Found a faded altar of an unknown god.
  1784 | D:3      | Noticed Grinder
  1798 | D:3      | Paralysed by Grinder for 3 turns
  1892 | D:3      | Killed Grinder
  1893 | D:3      | Reached skill level 5 in Axes
  1893 | D:3      | Reached XP level 6. HP: 41/53 MP: 7/9
  2042 | D:3      | Noticed an ice beast
  2062 | D:3      | Killed an ice beast
  2063 | D:3      | Reached XP level 7. HP: 24/60 MP: 10/10
  2305 | D:4      | Noticed Sigmund
  2317 | D:4      | Killed Sigmund
  2915 | D:2      | Bought a scroll of immolation for 44 gold pieces
  3218 | D:4      | Found a staircase to the Ecumenical Temple.
  3230 | Temple   | Entered the Ecumenical Temple
  3245 | Temple   | Became a worshipper of Warmaster Okawaru
  3286 | D:4      | Reached XP level 8. HP: 60/67 MP: 12/12
  3790 | D:1      | Bought a scroll of amnesia for 56 gold pieces
  3836 | D:5      | Entered Level 5 of the Dungeon
  3871 | D:5      | Noticed Eustachio
  3884 | D:5      | Killed Eustachio
  3899 | D:5      | Reached * piety under Okawaru
  4166 | D:5      | Noticed Ijyb
  4181 | D:5      | Killed Ijyb
  4531 | D:5      | Reached XP level 9. HP: 62/73 MP: 14/14
  4665 | D:5      | Noticed Pikel
  4680 | D:5      | Killed Pikel
  4680 | D:5      | Reached ** piety under Okawaru
  4992 | D:6      | Found Lafeilob's Weapon Boutique.
  5122 | D:6      | Found Uvuel's Book Shoppe.
  5157 | D:6      | Found Araffeta's Magic Scroll Emporium.
  5165 | D:6      | Bought a scroll of teleportation for 33 gold pieces
  5172 | D:6      | Noticed Prince Ribbit
  5181 | D:6      | Killed Prince Ribbit
  5194 | D:6      | Reached *** piety under Okawaru
  5282 | D:6      | Reached skill level 5 in Invocations
  5428 | D:6      | Identified the +7 whip of Benevolence {elec, +Blink rPois
                  | rC- Int+2}
  5431 | D:6      | Found Soossaecsu's Book Emporium.
  5615 | D:6      | Found a transporter.
  5615 | D:6      | Found an ancient bone altar of Kikubaaqudgha.
  5616 | D:6      | Noticed Menkaure
  5618 | D:6      | Found a basalt altar of Yredelemnul.
  5636 | D:6      | Found a transporter.
  5790 | D:6      | Bought a scroll of poison for 44 gold pieces
  5819 | D:6      | Killed Menkaure
  5841 | D:6      | Reached XP level 10. HP: 36/80 MP: 15/17
  6126 | D:7      | Reached skill level 5 in Short Blades
  6126 | D:7      | Reached skill level 5 in Long Blades
  6126 | D:7      | Reached skill level 5 in Maces & Flails
  6126 | D:7      | Reached skill level 5 in Polearms
  6126 | D:7      | Reached skill level 5 in Staves
  6126 | D:7      | Reached skill level 5 in Ranged Weapons
  6126 | D:7      | Reached skill level 5 in Throwing
  6126 | D:7      | Reached skill level 5 in Dodging
  6126 | D:7      | Reached skill level 5 in Stealth
  6126 | D:7      | Reached skill level 5 in Unarmed Combat
  6126 | D:7      | Reached skill level 5 in Spellcasting
  6126 | D:7      | Reached skill level 5 in Evocations
  6128 | D:7      | Noticed Jeremiah
  6150 | D:7      | Killed Jeremiah
  6150 | D:7      | Reached **** piety under Okawaru
  6248 | D:2      | Bought a scroll of enchant armour for 82 gold pieces
  7191 | D:8      | Noticed Joseph
  7206 | D:8      | Killed Joseph
  7220 | D:8      | Reached skill level 5 in Shapeshifting
  7564 | D:6      | Bought a scroll of enchant weapon for 82 gold pieces
  7813 | D:8      | Found Yngestr Arepp's Distillery.
  7900 | D:8      | Found Enirofac's Assorted Antiques.
  8021 | D:6      | Bought a scroll of vulnerability for 44 gold pieces
  8264 | D:9      | Reached ***** piety under Okawaru
  8554 | D:9      | Slain by a killer bee

Illustrated notes

Levels and vault maps discovered:
D:1:      nicolae_arrival_washed_ashore, layout_loops_ring, serial_shops, shop
D:2:      layout_rooms, basic_altar, serial_shops, shop, uniq_crazy_yiuf_cottage
D:3:      layout_rooms, serial_glass, glass_columns_a, glass_columns_b,
          minmay_strange_pillars, item_on_display_a, feat_on_display,
          ebering_ecumenical_altar_abandoned, kennysheep_path_1,
          minmay_close_crescents, uniq_grinder
D:4:      layout_loops_corners, temple_fountains, minmay_starry_boxes,
          uniq_sigmund
D:5:      layout_loops_ring, kennysheep_generic_room_11, uniq_eustachio,
          uniq_ijyb, uniq_pikel
D:6:      layout_basic, gammafunk_temple_of_torment, serial_shops, shop, shop,
          nicolae_shop_rolling_square, shop, uniq_prince_ribbit1
D:7:      layout_loops_ring, uniq_jeremiah
D:8:      layout_cave_pools, serial_shops, shop_fountains,
          nicolae_stop_n_shop_1, uniq_joseph
D:9:      layout_layer_cave, lair_entry_dummy, special_room
          [special_room_kobold], gammafunk_ghost_smash,
          chequers_serial_rivers_micro_e, minmay_misc_feat_secret_circle,
          uniq_harold
Temple:   nicolae_temple_bog_church

Skill      XL: |  1  2  3  4  5  6  7  8  9 10 |
---------------+-------------------------------+-----
Invocations    | 1 2 3 4 5 6 |  6.4
Short Blades   | 1 2 3 4 5 |  5.8
Long Blades    | 1 2 3 4 5 |  5.8
Maces & Flails | 1 2 3 4 5 |  5.8
Polearms       | 1 2 3 4 5 |  5.8
Staves         | 1 2 3 4 5 |  5.8
Ranged Weapons | 1 2 3 4 5 |  5.8
Throwing       | 1 2 3 4 5 |  5.8
Dodging        | 1 2 3 4 5 |  5.8
Stealth        | 1 2 3 4 5 |  5.8
Unarmed Combat | 1 2 3 4 5 |  5.8
Spellcasting   | 1 2 3 4 5 |  5.8
Evocations     | 1 2 3 4 5 |  5.8
Shapeshifting  | 1 2 3 4 5 |  5.3
Conjurations   | 1 2 3 4 |  4.8
Hexes          | 1 2 3 4 |  4.8
Summonings     | 1 2 3 4 |  4.8
Necromancy     | 1 2 3 4 |  4.8
Translocations | 1 2 3 4 |  4.8
Transmutations | 1 2 3 4 |  4.8
Fire Magic     | 1 2 3 4 |  4.8
Ice Magic      | 1 2 3 4 |  4.8
Air Magic      | 1 2 3 4 |  4.8
Earth Magic    | 1 2 3 4 |  4.8
Poison Magic   | 1 2 3 4 |  4.8
Axes           | 5 6 7 |  7.5
Fighting       | 7 8 |  8.9
Armour         | 7 8 |  8.9
Shields        | 7 8 |  8.9

Action                     |  1- 3 |  4- 6 |  7- 9 | 10-12 || total
---------------------------+-------+-------+-------+-------++-------
  Melee: War axe           |   118 |    98 |   349 |       ||   565
         Bite              |     5 |     4 |    36 |    20 ||    65
         Unarmed           |       |    14 |       |       ||    14
         Whip              |       |       |    39 |       ||    39
         Broad axe         |       |       |       |   146 ||   146
  Throw: Dart              |       |       |       |     1 ||     1
         Throwing net      |       |       |       |     1 ||     1
 Invoke: Heroism           |       |       |     1 |       ||     1
    Use: Potion            |       |     1 |     8 |     4 ||    13
         Scroll            |       |       |     5 |     4 ||     9
   Stab: Distracted        |       |       |       |     2 ||     2
 Armour: Scale mail        |    26 |       |       |       ||    26
         Plate armour      |    55 |    83 |   382 |       ||   520
         Skin              |       |     3 |       |       ||     3
         Chain mail        |       |       |       |   150 ||   150
  Dodge: Dodged            |    49 |    27 |   137 |    59 ||   272
  Block: Buckler           |    36 |    26 |   113 |    49 ||   224

Table legend: (Time is in decaauts)
 A = Elapsed time spent in this place.
 B = Non-inter-level travel time spent in this place.
 C = Inter-level travel time spent in this place.
 D = Time resting spent in this place.
 E = Time spent auto-exploring this place.
 F = Levels seen in this place.
 G = Mean time per level.
                   A        B        C        D        E       F      G
               +--------+--------+--------+--------+--------+-----+--------+
         Total |   8738 |   7893 |    845 |    435 |   5655 |  10 |  873.8 |
       Dungeon |   8708 |   7877 |    831 |    435 |   5655 |   9 |  967.6 |
        Temple |     30 |     16 |     14 |      0 |      0 |   1 |   30.0 |
               +--------+--------+--------+--------+--------+-----+--------+

Top non-repeatable levels by time:
     D:4: 1575 daAuts
     D:6: 1241 daAuts
     D:5: 1218 daAuts
     D:8: 936 daAuts
     D:7: 923 daAuts
     D:1: 922 daAuts
     D:3: 794 daAuts
     D:2: 741 daAuts
     D:9: 354 daAuts
  Temple: 30 daAuts
